 Dungeon Crawl Stone Soup version 0.27-a0-1071-ga85bd9520d (webtiles) character file.

Game seed: 4322820751435257389

560 1player the Insei (level 7, -9/49 HPs)
             Began as an Octopode Transmuter on Apr 24, 2021.
             Was a Believer of Uskayaw.
             Mangled by Prince Ribbit (12 damage)
             ... on level 5 of the Dungeon.
             The game lasted 00:14:02 (6046 turns).

1player the Insei (Octopode Transmuter)             Turns: 6046, Time: 00:14:03

Health: -9/49      AC:  1    Str:  9    XL:     7   Next: 31%
Magic:  10/10      EV: 13    Int: 16    God:    Uskayaw [**....]
Gold:   259        SH:  0    Dex: 14    Spells: 7/10 levels left

rFire    . . .     SeeInvis .     - Unarmed
rCold    . . .     Faith    .   (no shield)
rNeg     . . .     Spirit   .   (helmet restricted)
rPois    .         Reflect  .   (no amulet)
rElec    .         Harm     .   (no ring)
rCorr    .         Rampage  .   (no ring)
Will     .....                  (no ring)
Stlth    ++........             (no ring)
HPRegen  0.16/turn              (no ring)
MPRegen  0.12/turn              (no ring)
                                (no ring)
                                (no ring)

@: no status effects
A: almost no armour, amphibious, 8 rings, camouflage 1, gelatinous body 1,
(nimble swimmer 1), tentacles
a: Renounce Religion, Stomp, Line Pass


You were on level 5 of the Dungeon.
You worshipped Uskayaw.
Uskayaw was noncommittal.
You visited 2 branches of the dungeon, and saw 6 of its levels.

You collected 259 gold pieces.

Inventory:

Missiles
 i - 3 curare-tipped darts
Scrolls
 d - a scroll of enchant weapon {unknown}
 e - a scroll of vulnerability {unknown}
 f - a scroll of identify {@r1}
 g - a scroll of brand weapon {unknown}
 h - a scroll of fog {unknown}
 k - 4 scrolls of fear
 m - a scroll of amnesia {unknown}
 n - a scroll of enchant armour {unknown}
Potions
 a - a potion of brilliance


   Skills:
 + Level 4.9 Fighting
 - Level 2.3 Dodging
 - Level 6.0 Unarmed Combat
 - Level 2.0 Spellcasting
 * Level 2.2 Transmutations
 + Level 1.5 Invocations


You had 7 spell levels left.
You knew the following spells:

 Your Spells              Type           Power      Damage    Failure   Level
q - Beastly Appendage     Tmut           16%        N/A       9%          1
z - Wereblood             Tmut           8%         N/A       13%         2

Your spell library contained the following spells:

 Spells                   Type           Power      Damage    Failure   Level
 Spider Form              Tmut/Pois      2%         N/A       36%         3
 Ice Form                 Ice/Tmut       5%         N/A       78%         4
 Hydra Form               Tmut           4%         N/A       93%         5


Dungeon Overview and Level Annotations

Branches:
Dungeon (5/15)             Temple (1/1) D:4

Altars:
Ashenzari
Cheibriados
Dithmenos
Fedhas
Gozag
Hepliaklqana
Kikubaaqudgha
Nemelex Xobeh
Okawaru
Qazlal
Ru
Trog
Uskayaw
Vehumet
Zin
The Shining One

Annotations:
D:4 exclusion: necrophage
D:5 Grinder, Pikel, Prince Ribbit


Innate Abilities, Weirdness & Mutations

You cannot wear most types of armour.
You are amphibious.
You can wear up to eight rings at the same time.
Your skin changes colour to match your surroundings (Stealth+).
Your rubbery body absorbs attacks. (AC +1, EV +1)
((You are camouflaged near water. (Stealth+)))
You have tentacles for arms and can constrict up to eight enemies at once.


Message History

You feel better.
Grinder says, "Mostly I couldn't keep them alive."
Grinder drinks a potion.
Grinder seems to grow stronger.
You tentacle-slap Grinder. You grab Grinder.
You tentacle-slap Grinder, but do no damage.
You squeeze Grinder.
Grinder is lightly wounded.
You constrict Grinder.
Grinder zaps a wand.
The puff of flame misses you.
You barely miss Grinder. Your squeeze misses Grinder.
Grinder is lightly wounded.
You constrict Grinder, but do no damage.
Grinder hits you.
You tentacle-slap Grinder.
Grinder is lightly wounded.
You constrict Grinder. Grinder barely misses you.
You tentacle-slap Grinder but do no damage.
You squeeze Grinder.
Grinder is moderately wounded.
You constrict Grinder. Grinder gestures at you.
You suddenly lose the ability to move!
You lose your grip on Grinder.
Prince Ribbit hits you.
You can now pass through a line of other dancers.
Prince Ribbit hits you.
Grinder zaps a wand.
The puff of flame hits you! Prince Ribbit barely misses you.
Grinder gestures at you. Pain shoots through your body!
* * * LOW HITPOINT WARNING * * *
You can move again.
You tentacle-slap Grinder but do no damage.
You grab Grinder. You squeeze Grinder.
Grinder is moderately wounded.
You constrict Grinder, but do no damage.
Prince Ribbit barely misses you. Grinder closely misses you.
Prince Ribbit hits you!
You die...

......### ##[.# ....###
#..## #.### ##..# ###
#..## ###..#
######....####.5
######...............
###..............5####.
.....###########@.#
###### ####.#.F##
#......## .........#
..........#
...........#
............#
...........##
...........#


You could see Prince Ribbit and Grinder (strong).

Vanquished Creatures
  A lemure (D:5)
  A scorpion (D:4)
  2 water moccasin zombies
  A water moccasin skeleton (D:4)
  A hound (D:4)
  An orc priest (D:3)
  An iguana (D:5)
  2 orc wizards (D:5)
  A hound skeleton (D:4)
  5 adders
  4 gnolls (D:5)
  A howler monkey skeleton (D:4)
  An ufetubus (D:5)
  2 worms
  3 dart slugs
  6 orcs
  3 ball pythons
  5 bats
  6 endoplasms
  8 giant cockroaches
  10 goblins
  2 hobgoblins (D:3)
  3 jackals (D:5)
  10 kobolds
  2 quokkas
  A frilled lizard (D:1)
  2 rats
85 creatures vanquished.

Notes
Turn   | Place    | Note
-------+----------+-------------------------------------------
     0 | D:1      | 1player the Octopode Transmuter began the quest for the
                  | Orb.
     0 | D:1      | Reached XP level 1. HP: 13/13 MP: 3/3
   258 | D:1      | Reached XP level 2. HP: 18/18 MP: 3/5
   870 | D:2      | Reached XP level 3. HP: 21/23 MP: 6/6
   929 | D:2      | Learned a level 2 spell: Wereblood
  1186 | D:2      | Reached skill level 4 in Unarmed Combat
  1537 | D:2      | Reached XP level 4. HP: 21/29 MP: 5/7
  2332 | D:3      | Found a hide-covered altar of Uskayaw.
  2378 | D:3      | Became a worshipper of Uskayaw the Reveller
  2406 | D:3      | Found an opulent altar of Gozag.
  2629 | D:3      | Reached * piety under Uskayaw
  2850 | D:3      | Reached ** piety under Uskayaw
  3054 | D:3      | Reached *** piety under Uskayaw
  3055 | D:3      | Reached XP level 5. HP: 26/36 MP: 5/8
  3341 | D:3      | Reached skill level 5 in Unarmed Combat
  3679 | D:4      | Found a staircase to the Ecumenical Temple.
  3727 | Temple   | Entered the Ecumenical Temple
  3970 | D:4      | You fall into a shaft and drop 1 floor!
  3970 | D:5      | Entered Level 5 of the Dungeon
  4006 | D:4      | Reached XP level 6. HP: 32/43 MP: 7/9
  4102 | D:4      | Noticed a necrophage
  4252 | D:4      | Reached skill level 1 in Invocations
  4805 | D:5      | Noticed Pikel
  4892 | D:5      | Noticed Grinder
  5219 | D:5      | Reached XP level 7. HP: 16/49 MP: 5/10
  5666 | D:4      | Reached skill level 6 in Unarmed Combat
  6035 | D:5      | Noticed Prince Ribbit
  6043 | D:5      | Paralysed by Grinder for 2 turns
  6046 | D:5      | Mangled by Prince Ribbit

Illustrated notes

Levels and vault maps discovered:
D:1:      dpeg_arrival_connections, layout_rooms, minmay_split_cup_large
D:2:      layout_basic, glass_columns_c, chequers_mini_garden
D:3:      layout_basic, amcnicky_altar_gilded, grunt_gozag_breadcrumbs,
          kennysheep_boxes
D:4:      layout_cave_pools, minmay_temple_entry_tees
D:5:      layout_cave_pods, serial_shops, nicolae_shop_crystal, kennysheep_mini,
          uniq_pikel, uniq_grinder, uniq_prince_ribbit1
Temple:   jpeg_temple_clearing

Skill      XL: |  1  2  3  4  5  6  7 |
---------------+----------------------+-----
Unarmed Combat | 4 5 6 |  6.0
Fighting       | 2 3 4 |  4.9
Invocations    | 1 |  1.5
Dodging        | |  2.3
Spellcasting   | |  2.0
Transmutations | |  2.2

Action                   |  1- 3 |  4- 6 |  7- 9 || total
-------------------------+-------+-------+-------++-------
Melee: Unarmed           |    69 |   145 |    16 ||   230
       Kick              |    12 |    36 |     4 ||    52
       Constrict         |    15 |    33 |     7 ||    55
       Tentacles         |    10 |    20 |     5 ||    35
       Punch             |     3 |     4 |     1 ||     8
 Cast: Beastly Appendage |    11 |    20 |     2 ||    33
       Wereblood         |       |     5 |       ||     5
Invok: Stomp             |       |     2 |     1 ||     3
  Use: Scroll            |     2 |     3 |       ||     5
       Potion            |       |     2 |     3 ||     5
 Stab: Sleeping          |     5 |     2 |       ||     7
       Distracted        |     1 |       |       ||     1
       Paralysed         |       |     3 |       ||     3
Armor: Skin              |     7 |     5 |       ||    12
Dodge: Dodged            |    36 |    83 |    19 ||   138

Table legend: (Time is in decaauts)
 A = Elapsed time spent in this place.
 B = Non-inter-level travel time spent in this place.
 C = Inter-level travel time spent in this place.
 D = Time resting spent in this place.
 E = Time spent auto-exploring this place.
 F = Levels seen in this place.
 G = Mean time per level.
                   A        B        C        D        E       F      G
               +--------+--------+--------+--------+--------+-----+--------+
         Total |   6031 |   5887 |    144 |   2362 |   2152 |   6 | 1005.2 |
       Dungeon |   5948 |   5817 |    131 |   2362 |   2084 |   5 | 1189.6 |
        Temple |     82 |     69 |     13 |      0 |     68 |   1 |   82.0 |
               +--------+--------+--------+--------+--------+-----+--------+

Top non-repeatable levels by time:
     D:2: 1564 daAuts
     D:5: 1274 daAuts
     D:4: 1129 daAuts
     D:3: 1120 daAuts
     D:1: 860 daAuts
  Temple: 82 daAuts
